Map: Turbo Cruise '84 LE

Players

CyberManiac - Winner!

  • Race: Terran Terran
  • League: Diamond
  • Spawn Location: 7:00

Mez

  • Race: Zerg Zerg
  • League: Master
  • Spawn Location: 3:00

VOD

Have the link to the VOD?

Description

Time

  • Played on: Aug. 13, 2019, 8:43 a.m.
  • Length: 9:09
Show
View Real Time Build Order
Export as new Build Order

CyberManiac Terran - Winner!

Build Orders: Reaper Expand 

Get SALT Encoding   

  12  0:00  SCV  
  13  0:13  SCV  
  14  0:17  Supply Depot  
  14  0:25  SCV  
  15  0:38  SCV  
  15  0:40  Barracks  
  16  0:44  Refinery  
  16  0:50  SCV  
  17  1:03  SCV  
  18  1:15  SCV  
  19  1:27  Orbital Command  
  19  1:28  Reaper  
  20  1:42  Command Center  
  20  1:53  SCV  
  21  1:58  Barracks  
  21  2:02  Barracks Reactor  
  21  2:05  SCV  
  22  2:10  Supply Depot  
  22  2:16  Refinery  
  22  2:18  SCV  
  23  2:31  SCV  
  24  2:43  SCV  
  25  2:48  Factory, Barracks Tech Lab  
  25  2:52  Marine x2  
  25  2:55  SCV  
  28  3:00  Orbital Command  
  28  3:07  SCV  
  28  3:08  Marine  
  28  3:09  Marine  
  31  3:14  Stimpack  
  31  3:17  Marine  
  33  3:20  SCV  
  33  3:26  Marine  
  34  3:32  SCV  
  35  3:34  SCV, Marine  
  35  3:35  Marine  
  38  3:43  Supply Depot  
  38  3:44  SCV, Marine  
  38  3:46  SCV  
  41  3:52  Marine  
  42  3:56  SCV  
  42  3:58  SCV  
  44  4:07  Marine x2  
  44  4:08  SCV, Supply Depot  
  44  4:09  Starport  
  47  4:10  SCV, Factory Reactor  
  47  4:16  Marine  
  49  4:20  SCV  
  49  4:23  SCV  
  51  4:25  Marine x2  
  53  4:32  SCV  
  53  4:34  Marine  
  53  4:35  SCV  
  53  4:38  Supply Depot  
  56  4:40  Refinery  
  56  4:43  Marine x2  
  56  4:44  SCV, Supply Depot  
  59  4:47  SCV  
  59  4:52  Marine, Factory Tech Lab  
  61  4:56  SCV  
  61  4:59  SCV, Medivac x2  
  67  5:00  Marine  
  67  5:01  Marine, Supply Depot  
  69  5:11  SCV  
  69  5:12  Marine  
  71  5:14  SCV  
  71  5:18  Engineering Bay, Marine  
  71  5:19  Engineering Bay  
  73  5:22  Siege Tank  
  73  5:23  SCV, Supply Depot  
  73  5:26  SCV  
  73  5:27  Combat Shield  
  78  5:35  SCV  
  79  5:38  Marine x2  
  79  5:42  Command Center  
  81  5:43  SCV  
  81  5:45  Terran Infantry Weapons Level 1  
  81  5:46  Terran Infantry Armor Level 1  
  81  5:47  SCV  
  83  5:55  SCV, Marine  
  83  5:56  Siege Tank, Supply Depot  
  88  5:59  Viking  
  88  6:01  Marine x2  
  88  6:03  SCV  
  93  6:17  Marine  
  93  6:18  Marine, Medivac  
  94  6:19  SCV x2  
  94  6:25  Refinery  
  97  6:27  Armory  
  97  6:28  Siege Tank  
  97  6:31  SCV x2  
  102  6:39  Marine x2  
  101  6:40  Marine  
  102  6:47  Barracks  
  102  6:48  Barracks  
  102  6:50  SCV  
  102  6:56  Medivac  
  102  6:57  Marine x2  
  102  6:58  Marine  
  102  7:00  Siege Tank  
  110  7:02  Barracks  
  110  7:04  Supply Depot  
  110  7:06  Supply Depot  
  110  7:13  SCV  
  110  7:14  Marine  
  110  7:15  SCV, Marine  
  114  7:16  Marine  
  115  7:23  Missile Turret  
  115  7:24  Concussive Shells, Missile Turret  
  115  7:26  Medivac x2  
  119  7:32  Marine x2  
  119  7:33  Siege Tank  
  119  7:34  Marine  
  119  7:35  Barracks Tech Lab  
  125  7:40  Barracks Reactor  
  125  7:50  Marine x2  
  127  7:51  Marine  
  128  7:58  Marine x2  
  130  8:07  SCV, Orbital Command  
  130  8:08  Marine x2  
  133  8:34  Supply Depot x2  
  133  8:36  Supply Depot  
  133  8:38  Supply Depot  
  140  8:55  SCV x2  
Show
View Real Time Build Order
Export as new Build Order

Mez Zerg 

Build Orders: Hatch First 

Get SALT Encoding   

  12  0:01  Drone  
  13  0:10  Drone  
  14  0:17  Overlord  
  14  0:40  Drone x3  
  17  0:52  Drone  
  18  1:00  Hatchery  
  17  1:12  Spawning Pool  
  17  1:15  Extractor  
  17  1:16  Drone  
  16  1:19  Drone  
  16  1:24  Drone  
  18  1:39  Drone  
  19  1:59  Queen  
  21  2:08  Zergling x2  
  22  2:10  Overlord x2  
  22  2:34  Queen  
  23  2:39  Drone x5  
  27  2:56  Drone x3  
  30  3:01  Overlord  
  30  3:02  Hatchery  
  31  3:17  Queen  
  31  3:20  Drone x5  
  36  3:34  Overlord  
  36  3:37  Lair  
  36  3:39  Drone  
  36  3:40  Drone x2  
  39  3:50  Baneling Nest  
  39  3:53  Queen  
  40  4:09  Drone x2  
  46  4:10  Drone x4  
  46  4:14  Extractor  
  46  4:15  Extractor  
  44  4:30  Drone x10  
  54  4:46  Centrifical Hooks  
  54  4:49  Zergling x2  
  54  4:50  Zergling x14  
  62  5:09  Metabolic Boost, Extractor  
  62  5:13  Zergling x2  
  62  5:14  Zergling x6  
  65  5:16  Overlord x3  
  65  5:35  Baneling x11  
  65  5:36  Zergling x2, Baneling  
  65  5:37  Zergling x18  
  75  5:58  Evolution Chamber  
  75  6:02  Evolution Chamber  
  64  6:35  Zergling x2  
  64  6:36  Zergling x6  
  64  6:38  Overlord x5  
  65  6:48  Drone  
  65  6:49  Overlord x2  
  60  7:09  Hatchery  
  60  7:11  Spore Crawler, Burrow  
  60  7:12  Hatchery, Spore Crawler  
  60  7:14  Drone x8  
  60  7:15  Drone x4, Spore Crawler  
  67  7:40  Drone x6  
  67  7:41  Drone x4  
  67  8:02  Zergling x12  
  74  8:06  Baneling  
  74  8:07  Baneling x13  
  66  8:23  Zergling x12  
  70  8:42  Zergling x2  
  70  8:43  Zergling x22  
Tags
 
Add a new tag
Caveats
  • Supply blocks, unpowered buildings, or Contaminate may cause inaccurate times.
  • Supply counts are checked every 10 seconds.